Map: Eternal Empire LE

Players

Robbie (Rob)

  • Race: Protoss Protoss
  • League: Grandmaster
  • Spawn Location: 1:00

Future - Winner!

  • Race: Terran Terran
  • Spawn Location: 7:00

Event: DreamHack SC2 Masters 2020 Fall

VOD

Have the link to the VOD?

Description

Time

  • Played on: Sept. 3, 2020, 6:45 p.m.
  • Length: 12:58

All games in this series

Show
View Real Time Build Order
Export as new Build Order

Robbie Protoss 

Build Orders: 1 Gate Expand 

Get SALT Encoding   

  12  0:00  Probe  
  13  0:12  Probe  
  14  0:19  Pylon  
  14  0:24  Probe  
  15  0:37  Probe (Chrono Boost)  
  15  0:38  Gateway  
  16  0:46  Probe (Chrono Boost)  
  16  0:47  Assimilator  
  17  0:53  Probe  
  18  1:06  Probe  
  19  1:18  Probe  
  20  1:25  Cybernetics Core  
  20  1:36  Nexus  
  20  1:42  Probe  
  20  1:43  Unknown  
  20  1:46  Pylon  
  21  1:53  Assimilator  
  21  1:54  Probe  
  21  1:55  Adept  
  21  2:00  Warp Gate (Chrono Boost)  
  22  2:07  Probe  
  25  2:13  Pylon  
  25  2:16  Unknown  
  25  2:17  Unknown  
  25  2:18  Unknown  
  25  2:19  Probe  
  25  2:24  Adept (Chrono Boost)  
  27  2:31  Probe  
  28  2:43  Probe  
  29  2:44  Stargate  
  29  2:48  Probe  
  30  2:52  Stalker (Chrono Boost)  
  30  2:56  Probe  
  33  3:00  Probe  
  34  3:07  Gateway  
  34  3:10  Probe  
  35  3:13  Probe  
  36  3:22  Void Ray (Chrono Boost)  
  36  3:24  Gateway  
  41  3:34  Probe  
  41  3:38  Probe  
  42  3:44  Stalker  
  44  3:48  Probe  
  44  3:50  Probe  
  44  3:54  Void Ray (Chrono Boost)  
  44  3:55  Pylon  
  46  4:04  Probe x2  
  52  4:12  Pylon x2  
  52  4:18  Probe x2  
  52  4:21  Shield Battery  
  52  4:23  Void Ray (Chrono Boost)  
  58  4:34  Adept  
  58  4:35  Adept  
  62  4:39  Adept  
  64  4:50  Pylon  
  60  5:04  Void Ray (Chrono Boost)  
  56  5:10  Shield Battery  
  56  5:12  Shield Battery  
  54  5:24  Stalker  
  54  5:25  Zealot, Stalker  
  54  5:27  Assimilator  
  54  5:28  Probe x2  
  62  5:29  Assimilator  
  62  5:32  Shield Battery  
  62  5:34  Shield Battery  
  62  5:35  Shield Battery  
  62  5:40  Probe x2  
  64  5:52  Probe x2  
  64  5:54  Zealot  
  64  5:55  Stalker x2  
  72  5:58  Void Ray (Chrono Boost)  
  76  6:11  Pylon  
  76  6:17  Stalker  
  76  6:19  Stalker  
  78  6:28  Stalker  
  68  6:36  Pylon  
  61  6:42  Shield Battery x2  
  61  6:43  Shield Battery  
  61  6:44  Stalker x2  
  61  6:45  Shield Battery  
  65  6:48  Shield Battery  
  65  6:49  Shield Battery  
  65  6:53  Forge  
  65  6:56  Sentry  
  65  7:00  Gateway  
  67  7:03  Pylon  
  67  7:04  Pylon  
  67  7:07  Pylon  
  67  7:21  Sentry  
  69  7:22  Sentry  
  71  7:32  Robotics Facility  
  71  7:34  Gateway  
  71  7:35  Protoss Ground Weapons Level 1 (Chrono Boost), Gateway  
  71  7:36  Gateway  
  71  7:39  Sentry  
  71  7:40  Sentry  
  75  7:45  Pylon  
  75  8:00  Stargate  
  74  8:13  Gateway  
  74  8:15  Gateway  
  74  8:22  Robotics Facility  
  74  8:24  Robotics Bay  
  74  8:28  Nexus  
  74  8:37  Twilight Council  
  74  8:45  Stalker  
  74  8:46  Stalker x3  
  82  9:02  Probe x2  
  84  9:08  Disruptor (Chrono Boost)  
  82  9:14  Stalker x2  
  92  9:18  Disruptor (Chrono Boost)  
  90  9:35  Stalker  
  90  9:36  Stalker  
  94  9:38  Pylon  
  94  9:41  Pylon  
  94  9:43  Pylon  
  94  9:48  Blink (Chrono Boost)  
  94  9:55  Pylon  
  94  9:56  Disruptor (Chrono Boost)  
  94  9:57  Nexus  
  94  9:59  Disruptor (Chrono Boost)  
  100  10:05  Protoss Ground Weapons Level 2 (Chrono Boost)  
  100  10:13  Zealot  
  102  10:17  Probe x2  
  104  10:29  Probe x2  
  104  10:34  Disruptor (Chrono Boost)  
  112  10:35  Disruptor (Chrono Boost)  
  112  10:41  Probe x2  
  112  10:53  Probe  
  111  10:59  Stalker x2  
  115  11:05  Disruptor  
  115  11:10  Dark Shrine  
  116  11:26  Nexus  
  116  11:30  Stalker  
  118  11:34  Pylon  
  118  11:37  Pylon  
  108  11:41  Disruptor (Chrono Boost)  
  83  12:10  Stalker x5  
Show
View Real Time Build Order
Export as new Build Order

Future Terran - Winner!

Build Orders: Reaper Expand 

Get SALT Encoding   

  12  0:00  SCV  
  13  0:12  SCV  
  14  0:17  Supply Depot  
  14  0:24  SCV  
  15  0:38  SCV  
  15  0:40  Barracks  
  16  0:43  Refinery  
  16  0:50  SCV  
  17  1:03  SCV  
  18  1:15  SCV  
  19  1:27  Orbital Command, Reaper  
  20  1:40  Command Center  
  20  1:48  Supply Depot  
  20  1:54  SCV  
  20  1:59  Marine  
  22  2:06  SCV  
  23  2:10  Factory  
  23  2:17  Marine  
  23  2:19  Bunker  
  25  2:22  SCV  
  25  2:26  Refinery  
  25  2:35  SCV, Barracks Reactor  
  26  2:47  SCV  
  27  2:52  Orbital Command  
  27  2:54  Hellion  
  29  2:59  SCV  
  29  3:03  Starport  
  30  3:11  SCV  
  30  3:12  Marine x2  
  33  3:17  SCV  
  34  3:20  Factory Tech Lab  
  34  3:23  SCV  
  35  3:28  Barracks  
  35  3:29  Marine  
  35  3:30  SCV, Marine  
  38  3:35  SCV  
  39  3:42  SCV, Supply Depot  
  39  3:47  Raven, SCV  
  43  3:50  Barracks  
  43  3:53  Factory Tech Lab  
  43  3:54  SCV  
  44  3:58  Marine  
  44  3:59  SCV  
  44  4:02  Marine  
  46  4:07  SCV  
  46  4:09  Supply Depot  
  45  4:11  SCV  
  46  4:17  Engineering Bay  
  46  4:19  SCV, Marine x2  
  46  4:23  Marauder  
  51  4:28  SCV  
  51  4:31  SCV  
  53  4:37  Stimpack, Supply Depot  
  53  4:42  SCV  
  53  4:43  SCV  
  53  4:44  Marauder, Marine x3  
  60  4:50  Terran Infantry Weapons Level 1  
  60  4:52  Starport Reactor  
  58  5:02  Marine x3  
  58  5:03  SCV x2  
  58  5:05  Marine  
  59  5:07  Missile Turret  
  57  5:14  Combat Shield  
  57  5:20  Marine x3  
  59  5:27  Marine  
  58  5:28  SCV  
  58  5:29  SCV  
  60  5:36  Medivac  
  60  5:37  Marine x2  
  60  5:38  Medivac, Marine  
  60  5:41  SCV x2  
  69  5:42  Factory Tech Lab  
  68  5:51  Supply Depot  
  68  5:54  Marine  
  68  5:55  Marine x3  
  71  5:59  SCV  
  71  6:03  SCV  
  73  6:07  Siege Tank  
  76  6:12  Supply Depot, Marine  
  76  6:13  Marine x2  
  76  6:15  Marine  
  76  6:17  Supply Depot  
  80  6:31  Marine  
  79  6:33  Marine x2  
  79  6:34  Marine  
  77  6:49  Marine  
  77  6:50  Medivac x2  
  77  6:51  Marine x2  
  77  6:52  Marine  
  85  7:07  Marine  
  86  7:08  Marine x2  
  86  7:10  Marine  
  89  7:17  Siege Tank  
  91  7:25  Marine  
  91  7:26  Marine  
  93  7:31  Ghost Academy  
  93  7:59  Command Center  
  93  8:04  Ghost  
  94  8:18  Supply Depot  
  94  8:19  Ghost  
  96  8:21  Marine  
  96  8:23  Marine  
  98  8:37  Marine  
  98  8:39  Marine  
  100  8:41  Medivac, Marine  
  100  8:48  Marine  
  104  8:53  Medivac  
  105  8:56  Siege Tank  
  105  9:02  Supply Depot  
  108  9:03  Marine  
  108  9:06  Marine  
  110  9:15  Orbital Command  
  110  9:23  Missile Turret  
  110  9:31  Marine  
  110  9:32  Marine  
  110  9:38  Ghost  
  112  9:40  Missile Turret, Ghost  
  115  9:47  Refinery x2  
  115  9:57  Marine x2  
  117  10:01  Supply Depot  
  117  10:02  Supply Depot  
  117  10:09  Terran Infantry Armor Level 1  
  117  10:11  Marauder x2  
  120  10:15  Marine x2  
  122  10:23  SCV  
  125  10:42  Siege Tank  
  125  10:43  Command Center  
  125  11:06  Marauder x2, Marine x2  
  125  11:10  Barracks  
  129  11:11  Barracks  
  129  11:19  Siege Tank  
  132  11:27  Marine x2  
  132  11:31  Armory  
  132  11:32  Engineering Bay  
  134  11:38  Marauder  
  122  11:40  Marauder  
  122  11:45  Marine x2  
  124  11:52  Siege Tank  
  127  11:59  Marine x3  
  130  12:01  Marine  
  130  12:03  Marine  
  130  12:04  Marine  
  133  12:17  Marine x3  
  133  12:19  Marine  
  133  12:20  Marine  
  133  12:22  Marine  
  121  12:35  Marine x3  
  124  12:37  Marine  
  124  12:38  Marine  

Tags
 
Add a new tag
Caveats
  • Supply blocks, unpowered buildings, or Contaminate may cause inaccurate times.
  • Supply counts are checked every 10 seconds.